 Dungeon Crawl Stone Soup version 0.29.0-11-gd7f09526c8 (webtiles) character file.

Game seed: 9291072570550386823

4 sasquatch the Firebug (level 1, 0/10 HPs)
             Began as a Deep Elf Fire Elementalist on Sept 2, 2022.
             Slain by a kobold
             ... wielding a +0 short sword
              (3 damage)
             ... on level 1 of the Dungeon.
             The game lasted 00:00:33 (43 turns).

sasquatch the Firebug (Deep Elf Fire Elementalist)    Turns: 43, Time: 00:00:33

Health: 0/10       AC:  2    Str:  5    XL:     1   Next: 50%
Magic:  0/6        EV: 12    Int: 19    God:
Gold:   0          SH:  0    Dex: 15    Spells: 5/6 levels left

rFire   . . .      SeeInvis .   (no weapon)
rCold   . . .      Faith    .   (no shield)
rNeg    . . .      Spirit   .   a - +0 robe
rPois   .          Reflect  .   (no helmet)
rElec   .          Harm     .   (no cloak)
rCorr   .          Rampage  .   (no gloves)
Will    .....                   (no boots)
Stlth   ++........              (no amulet)
HPRegen 0.03/turn               (no ring)
MPRegen 0.10/turn               (no ring)

@: very slightly contaminated
A: no striking features
a: no special abilities


You were on level 1 of the Dungeon.
You visited 1 branch of the dungeon, and saw 1 of its levels.

Inventory:

Armour
 a - a +0 robe (worn)
Potions
 b - a potion of magic


   Skills:
 + Level 2.5 Dodging
 + Level 2.5 Stealth
 + Level 3.1 Spellcasting
 + Level 1.2 Conjurations
 + Level 3.3 Fire Magic


You had 5 spell levels left.
You knew the following spells:

 Your Spells              Type           Power      Damage    Failure   Level
a - Foxfire               Conj/Fire      44%        2x1d6     6%          1

Your spell library contained the following spells:

 Spells                   Type           Power      Damage    Failure   Level
 Scorch                   Fire           30%        2d7       6%          2
 Conjure Flame            Conj/Fire      11%        6-21      19%         3
 Inner Flame              Hex/Fire       9%         N/A       22%         3
 Flame Wave               Conj/Fire      11%        2d6       52%         4


Dungeon Overview and Level Annotations

Branches:
Dungeon (1/15)

Altars:


Message History

Casting: Foxfire (safe; 6% risk of failure)
Press: ? - help, Q - select action Dir - look around, f - activate You conjure some foxfire!
The foxfire hits the endoplasm but does no damage.
Casting: Foxfire (safe; 6% risk of failure)
Press: ? - help, Q - select action Dir - look around, f - activate You miscast Foxfire.
You are very lightly contaminated with residual magic.
Nothing appears to happen.
The foxfire hits the endoplasm.
The endoplasm is lightly wounded.
The foxfire hits the endoplasm.
The endoplasm is heavily wounded.
Casting: Foxfire (safe; 6% risk of failure)
Press: ? - help, Q - select action Dir - look around, f - activate You miscast Foxfire.
Nothing appears to happen.
The endoplasm freezes you.
You are frozen.
The kobold throws a stone.
The stone hits you but does no damage.
Casting: Foxfire (safe; 6% risk of failure)
Press: ? - help, Q - select action Dir - look around, f - activate You conjure some foxfire!
The endoplasm closely misses you.
Unknown command.
Your foxfire dissipates!
The foxfire hits the endoplasm.
You kill the endoplasm!
The dart slug launches a dart at you. The slug dart hits you.
Casting: Foxfire (safe; 6% risk of failure)
Press: ? - help, Q - select action Dir - look around, f - activate You conjure some foxfire!
The kobold hits you with a +0 short sword.
* * * LOW HITPOINT WARNING * * *
Unknown command.
Your foxfire dissipates!
The foxfire hits the kobold but does no damage.
The kobold attacks as you move away!
The kobold hits you with a +0 short sword.
You die...

#... ....
#..# ... #..#
..#
#..##..##♣#
#...†...w..
####.w.##
#......)# #.
#K##...## #.
#@###.#.# #.
#.##.###.# #.
#...## #.#
#.###....##
...
#..#.#.##.#
###
#.#.#.#.....
#..#.#.###.##
#..#....##..
#....<...#.#.


You could see a kobold.

Vanquished Creatures
  A ball python (D:1)
  An endoplasm (D:1)
  A quokka (D:1)
3 creatures vanquished.

Vanquished Creatures (others)
  A minotaur (D:1)
  A demonspawn (D:1)
  An octopode (D:1)
  A draconian (D:1)
  2 gargoyles (D:1)
  2 elves (D:1)
  A merfolk (D:1)
  A spriggan (D:1)
  A naga (D:1)
  A demigod (D:1)
  7 foxfires (D:1)
  4 tentacles (D:1)
23 creatures vanquished.

Grand Total: 26 creatures vanquished

Notes
Turn   | Place    | Note
-------+----------+-------------------------------------------
     0 | D:1      | sasquatch the Deep Elf Fire Elementalist began the quest
                  | for the Orb.
     0 | D:1      | Reached XP level 1. HP: 10/10 MP: 6/6
     0 | D:1      | Noticed a demonspawn
     0 | D:1      | Noticed a spriggan
     0 | D:1      | Noticed an elf
     0 | D:1      | Noticed an octopode
     0 | D:1      | Noticed an elf
     0 | D:1      | Noticed a minotaur
     0 | D:1      | Noticed a kraken
     0 | D:1      | Noticed a naga
     0 | D:1      | Noticed a draconian
     0 | D:1      | Noticed a gargoyle
     0 | D:1      | Noticed a merfolk
     0 | D:1      | Noticed a demigod
     0 | D:1      | Noticed a gargoyle
     3 | D:1      | Killed a gargoyle
     5 | D:1      | Killed a draconian
     6 | D:1      | Killed a demigod
     7 | D:1      | Killed a merfolk
     8 | D:1      | Killed a gargoyle
     8 | D:1      | Killed a naga
     8 | D:1      | Killed a spriggan
    11 | D:1      | Killed an octopode
    12 | D:1      | Killed a minotaur
    12 | D:1      | Killed an elf
    13 | D:1      | Killed an elf
    14 | D:1      | Killed a demonspawn
    43 | D:1      | Slain by a kobold

Illustrated notes

Levels and vault maps discovered:
D:1:      nicolae_arrival_kraken_aquarium_a, layout_loops_ring, serial_shops,
          nicolae_shop_trees, hellmonk_ecumenical_altar_watching_god

Action                   || total
-------------------------++-------
 Cast: Foxfire           ||     5
Armor: Robe              ||     1
Dodge: Dodged            ||     1
